 Dungeon Crawl Stone Soup version 0.19-a0-1210-g5c1aa26 (webtiles) character file.

8128 inmateoo the Carver (level 11, 0/91 (92) HPs)
             Began as a Minotaur Ice Elementalist on Aug 22, 2016.
             Was a High Priest of Okawaru.
             Slain by an orc warrior
             ... wielding a +0 halberd
              (12 damage)
             ... in a bailey.
             The game lasted 00:16:16 (8996 turns).

inmateoo the Carver (Minotaur Ice Elementalist)     Turns: 8996, Time: 00:16:17

HP:   0/91 (92)     AC: 11    Str: 14    XL:     11   Next: 5%
MP:   11/12         EV: 13    Int: 10    God:    Okawaru [*****.]
Gold: 382           SH:  3    Dex: 13    Spells: 0 memorised, 12 levels left

rFire  . . .     SeeInvis +     G - +3 scimitar (elec)
rCold  . . .     Gourm    .     t - +0 scale mail
rNeg   . . .     Faith    .     z - +0 buckler
rPois  .         Spirit   .     (helmet restricted)
rElec  .         Dismiss  .     (no cloak)
rCorr  +         Reflect  .     v - +0 pair of gloves
MR     .....     Harm     .     x - +0 pair of boots
Stlth  ..........               (no amulet)
                                C - ring of resist corrosion
                                s - ring of see invisible

@: no status effects
A: retaliatory headbutt, horns 2, dopey 1
a: Heroism, Finesse, Renounce Religion


You were in a bailey.
You worshipped Okawaru.
Okawaru was extremely pleased with you.
You were hungry.

You visited 2 branches of the dungeon, and saw 10 of its levels.
You also visited: Sewer and Bailey.

You collected 382 gold pieces.

Inventory:

Hand Weapons
 f - a +0 halberd
 n - the +8 flail "Ateovecu" {elec, rN+ MR+ Int-4}
   (You found it on level 7 of the Dungeon)

   Occasionally, upon striking a foe, it will discharge some electrical energy
   and cause terrible harm.
   It affects your intelligence (-4).
   It protects you from negative energy.
   It affects your resistance to hostile enchantments.
 G - a +3 scimitar of electrocution (weapon)
Armour
 p - a +0 shield
 t - a +0 scale mail (worn)
 v - a +0 pair of gloves (worn)
 x - a +0 pair of boots (worn)
 z - a +0 buckler (worn)
Jewellery
 a - an uncursed ring of protection from cold {unknown}
 s - a ring of see invisible (left hand)
 C - a ring of resist corrosion (right hand)
 H - an uncursed amulet of regeneration {unknown}
 K - an uncursed ring of protection from fire {unknown}
Wands
 g - a wand of paralysis (11/24)
 l - a wand of flame (0/48)
 o - a wand of polymorph (0/24)
Scrolls
 d - 2 scrolls of recharging
 h - a scroll of noise
 i - 2 scrolls of enchant weapon
 k - 6 scrolls of remove curse
 A - 2 scrolls of teleportation
 J - a scroll of silence {unknown}
Potions
 e - 7 potions of curing
 m - a potion of ambrosia {unknown}
 q - 3 potions of lignification
 r - 2 potions of invisibility
 u - a potion of haste
 w - a potion of agility
 E - a potion of heal wounds
 F - 2 potions of resistance
 I - a potion of mutation {unknown}
Books
 b - a book of Frost

   Spells                             Type                      Level
   a - Freeze                         Ice                          1
   b - Throw Frost                    Conjuration/Ice              2
   c - Ozocubu's Armour               Charms/Ice                   3
   d - Throw Icicle                   Conjuration/Ice              4
   e - Summon Ice Beast               Ice/Summoning                4
 y - a book of Transfigurations

   Spells                             Type                      Level
   a - Irradiate                      Conjuration/Transmutation    5
   b - Statue Form                    Transmutation/Earth          6
   c - Hydra Form                     Transmutation                6
   d - Dragon Form                    Transmutation                7
Comestibles
 c - 6 bread rations
 j - 6 meat rations
 B - 2 fruits
 D - a beef jerky
 L - 2 slices of pizza


   Skills:
 - Level 7.0 Fighting
 * Level 13.5 Long Blades
 + Level 8.5 Armour
 + Level 9.2 Dodging
 - Level 1.5 Stealth
 - Level 1.3 Spellcasting
   Level 0.6 Conjurations
   Level 2.1 Ice Magic


You had 12 spell levels left.
You didn't know any spells.

Dungeon Overview and Level Annotations

Branches:
Dungeon (9/15)             Temple (1/1) D:4
   Lair: D:8-11         Orc: D:9-12

Altars:
Ashenzari
Cheibriados
Dithmenos
Elyvilon
Fedhas
Gozag
Hepliaklqana
Kikubaaqudgha
Makhleb
Nemelex Xobeh
Okawaru
Qazlal
Ru
Trog
Uskayaw
Vehumet
Xom
Yredelemnul
Zin
The Shining One

Shops:
D:4 %   D:9 [:


Innate Abilities, Weirdness & Mutations

You reflexively headbutt those who attack you in melee.
You have a pair of horns on your head.
You are dopey. (Int -2)


Message History

Your headbutt misses the orc warrior.
The orc warrior is severely wounded.
The orc warrior hits you from afar with a halberd.
Your shield and scale mail prevent you from hitting the orc warrior.
Your headbutt misses the orc warrior.
The orc warrior is severely wounded.
The orc warrior hits you with a halberd!!
* * * LOW HITPOINT WARNING * * *
You are too injured to fight recklessly!
You barely miss the orc warrior.
The orc warrior is severely wounded.
The orc warrior no longer looks unusually strong.
The orc warrior hits you from afar with a halberd.
* * * LOW HITPOINT WARNING * * *
You are too injured to fight recklessly!
You hit the orc warrior but do no damage.
You headbutt the orc warrior.
The orc warrior is severely wounded.
The orc warrior hits you with a halberd!
You die...

## ### ##.#
#########∩## #####
#...##oo@..##.∩.##.....
#$.o#..≈≈≈..#...#..≈≈≈.
#...#.≈≈.≈≈...)...≈≈(≈≈
#...'.≈.))≈.......≈)()≈
#(..#.≈≈[≈≈.......≈≈)≈≈
#}..#..≈≈≈..#...#..≈≈≈.
#%..##.....##...##.....
##.# #########∩## #####
## ###


You could see 2 orc warriors.

Vanquished Creatures
  A death yak (D:7)
  2 orc knights (Bailey)
  6 polar bears (D:7)
  The ghost of murphy the Skirmisher, an amateur HOMo (D:3)
  A yak (D:7)
  A wyvern (D:8)
  Eustachio (D:6)
  2 hogs (D:7)
  Menkaure (D:4)
  5 hippogriffs
  2 ice beasts
  A sky beast (D:8)
  2 swamp drakes (Bailey)
  2 phantoms
  A necrophage (D:4)
  3 orc warriors (Bailey)
  9 black bears
  3 centaurs
  2 ogres (D:7)
  A big kobold (D:8)
  Blork the orc (D:5)
  2 giant frogs
  2 scorpions
  4 killer bees (D:9)
  3 howler monkeys (D:8)
  A quasit (D:9)
  Crazy Yiuf (D:6)
  4 hounds (D:8)
  A jelly (D:9)
  3 orc wizards
  A centaur skeleton (D:5)
  A gnoll shaman (D:5)
  2 orc priests
  An iguana (D:5)
  4 worker ants
  A sheep (D:7)
  13 adders
  3 gnolls (D:5)
  3 shadow imps
  6 oozes
  2 adder skeletons
  4 worms
  3 dart slugs (D:2)
  8 giant geckos
  25 orcs
  20 bats
  9 giant cockroaches
  6 goblins
  10 hobgoblins
  13 jackals
  16 kobolds
  2 quokkas
  5 ball pythons
  A giant cockroach zombie (D:6)
  10 giant newts
  7 rats
245 creatures vanquished.

Notes
Turn   | Place    | Note
-------+----------+-------------------------------------------
     0 | D:1      | inmateoo the Minotaur Ice Elementalist began the quest for the Orb.
     0 | D:1      | Reached XP level 1. HP: 14/14 MP: 1/1
   149 | D:1      | Reached skill level 1 in Fighting
   182 | D:1      | Reached XP level 2. HP: 8/24 MP: 0/3
   944 | D:1      | Reached XP level 3. HP: 21/31 MP: 4/4
  1714 | D:2      | Reached XP level 4. HP: 40/41 MP: 5/5
  1866 | D:2      | Found a sparkling altar of Nemelex Xobeh.
  1957 | D:2      | Reached skill level 5 in Fighting
  2237 | D:3      | Found a shimmering altar of Xom.
  2478 | D:3      | Noticed murphy's ghost (amateur HOMo)
  2530 | D:4      | Noticed Menkaure
  2535 | D:4      | Killed Menkaure
  2535 | D:4      | Reached skill level 2 in Long Blades
  2535 | D:4      | Reached XP level 5. HP: 9/50 MP: 6/6
  2803 | D:4      | Found a glowing drain.
  2819 | D:4      | Reached XP level 6. HP: 39/57 MP: 7/7
  2961 | Sewer    | Entered a sewer
  3274 | Sewer    | Reached skill level 3 in Long Blades
  3665 | D:4      | Found Uruster's Food Shop.
  3833 | D:4      | Reached skill level 4 in Long Blades
  3880 | D:4      | Found a staircase to the Ecumenical Temple.
  3933 | Temple   | Entered the Ecumenical Temple
  4262 | D:5      | Entered Level 5 of the Dungeon
  4430 | D:5      | Reached XP level 7. HP: 63/63 MP: 8/8
  4445 | D:6      | Found a shattered altar of Ashenzari.
  4998 | D:5      | Reached skill level 5 in Long Blades
  5267 | D:5      | Noticed Blork the orc
  5281 | D:5      | Killed Blork the orc
  5548 | D:3      | Found a basalt altar of Yredelemnul.
  5583 | D:3      | Killed murphy's ghost
  5583 | D:3      | Reached skill level 6 in Long Blades
  5600 | D:3      | Found an opulent altar of Gozag.
  5957 | D:6      | Reached XP level 8. HP: 69/72 MP: 9/9
  5966 | D:6      | Reached skill level 7 in Long Blades
  6105 | D:6      | Reached skill level 5 in Dodging
  6147 | D:6      | Found an ancient bone altar of Kikubaaqudgha.
  6161 | D:6      | Noticed Eustachio
  6173 | D:6      | Killed Eustachio
  6173 | D:6      | Reached skill level 8 in Long Blades
  6243 | D:6      | Found a sacrificial altar of Ru.
  6245 | D:6      | Found an iron altar of Okawaru.
  6258 | D:6      | Became a worshipper of Warmaster Okawaru
  6311 | D:6      | Found a bloodstained altar of Trog.
  6311 | D:6      | Found a glowing golden altar of the Shining One.
  6398 | D:6      | Found a runed door.
  6525 | D:6      | Noticed Crazy Yiuf
  6527 | D:6      | Killed Crazy Yiuf
  6713 | D:7      | Found a huge runed gate.
  6713 | D:7      | Found a huge runed gate.
  6713 | D:7      | Found a huge runed gate.
  6713 | D:7      | Found a huge runed gate.
  6713 | D:7      | Noticed a polar bear
  6713 | D:7      | Noticed a polar bear
  6714 | D:7      | Noticed a polar bear
  6714 | D:7      | Noticed a death yak
  6714 | D:7      | Noticed a polar bear
  6714 | D:7      | Noticed a polar bear
  6715 | D:7      | Noticed a polar bear
  6719 | D:7      | Reached skill level 9 in Long Blades
  6759 | D:7      | Reached * piety under Okawaru
  6759 | D:7      | Reached XP level 9. HP: 78/78 MP: 10/10
  7070 | D:7      | Got a steaming flail
  7114 | D:7      | Identified the +8 flail "Ateovecu" {elec, rN+ MR+ Int-4} (You found it on level 7 of the Dungeon)
  7376 | D:7      | Killed a polar bear
  7378 | D:7      | Reached skill level 5 in Armour
  7395 | D:7      | Killed a death yak
  7395 | D:7      | Reached skill level 10 in Long Blades
  7400 | D:7      | Reached ** piety under Okawaru
  7403 | D:7      | Reached skill level 11 in Long Blades
  7412 | D:7      | Killed a polar bear
  7416 | D:7      | Killed a polar bear
  7416 | D:7      | Reached XP level 10. HP: 29/85 MP: 11/11
  7420 | D:7      | Reached *** piety under Okawaru
  7658 | D:7      | Reached skill level 12 in Long Blades
  7928 | D:7      | Reached **** piety under Okawaru
  8306 | D:8      | Gained mutation: You are dopey. (Int -2) [mutagenic meat]
  8524 | D:9      | Found Zuoteag's Book Emporium.
  8531 | D:9      | Reached ***** piety under Okawaru
  8531 | D:9      | Reached skill level 13 in Long Blades
  8560 | D:9      | Found Sisosico's Armour Shoppe.
  8625 | D:9      | Found a flagged portal.
  8635 | Bailey   | Entered a bailey
  8635 | Bailey   | Noticed an orc knight
  8954 | Bailey   | Killed an orc knight
  8954 | Bailey   | Reached XP level 11. HP: 91/91 MP: 12/12
  8972 | Bailey   | Noticed an orc knight
  8989 | Bailey   | Killed an orc knight
  8996 | Bailey   | Slain by an orc warrior

Vault maps used:
D:1:      dpeg_arrival_rooms_b
D:2:      nemelex_xobeh_ov_fountains_minmay
D:3:      marbit_many_paths, old_standard_altar, old_standard_altar
D:4:      serial_shops, shop, first_bread, gup_sewer_entry_pipe, uniq_menkaure
D:5:      uniq_blork_the_orc
D:6:      cheibrodos_ashenzari_chains, nicolae_overflow_hidden_temple,
          overflow_temple_1_default, trog_ov_bears_minmay,
          grunt_temple_overflow_open, uniq_eustachio, uniq_crazy_yiuf_cottage
D:7:      lemuel_bear_cage
D:9:      lemuel_crystal_altar, enter_bailey_8, serial_shops, shop,
          nicolae_shop_crystal, shop, shop, nicolae_shop_trees, uniq_joseph
Temple:   zaba_magenta_temple
Sewer:    sewer_fruit_machine
Bailey:   bailey_polearm_4, bailey

Skill      XL: |  1  2  3  4  5  6  7  8  9 10 |
---------------+-------------------------------+-----
Fighting       | 2 3 4 5 6 7 |  7.0
Long Blades    | 2 4 6 9 11 13 | 13.5
Armour         | 2 4 6 8 |  8.5
Dodging        | 3 4 6 7 9 |  9.2
Stealth        | |  1.5
Spellcasting   | |  1.3
Conjurations   | |  0.6
Ice Magic      | |  2.1

Action                   |  1- 3 |  4- 6 |  7- 9 | 10-12 || total
-------------------------+-------+-------+-------+-------++-------
Melee: Unarmed           |    11 |       |       |       ||    11
       Club              |    46 |       |       |       ||    46
       Headbutt          |     6 |    33 |    41 |    30 ||   110
       Whip              |    24 |    33 |       |       ||    57
       Long sword        |       |   161 |    64 |       ||   225
       Scimitar          |       |       |   169 |   199 ||   368
 Fire: Arbalest          |       |       |       |    48 ||    48
Throw: Stone             |    28 |       |       |       ||    28
 Cast: Freeze            |    24 |    21 |       |       ||    45
Invok: Heroism           |       |       |     2 |     2 ||     4
Evoke: Wand              |       |       |       |    11 ||    11
  Use: Potion            |       |     2 |     2 |     1 ||     5
       Scroll            |       |       |    18 |     2 ||    20
 Stab: Sleeping          |     1 |       |       |       ||     1
       Invisible         |       |       |     4 |       ||     4
  Eat: Chunk             |     3 |     9 |     9 |     5 ||    26
       Pizza             |       |     1 |       |     1 ||     2
Armor: Robe              |    28 |    19 |       |       ||    47
       Scale mail        |       |    48 |    77 |    68 ||   193
Dodge: Dodged            |    81 |   113 |   125 |   117 ||   436
Block: Buckler           |       |     4 |    25 |    21 ||    50
